Map: Ruins of Seras

Players

Avokado

  • Race: Terran Terran
  • League: Master

Lambo - Winner!

  • Race: Zerg Zerg
  • League: Grandmaster

Event: DreamHack ROCCAT LotV Championship

VOD

Have the link to the VOD?

Description

Time

  • Played on: Nov. 26, 2015, 7:29 a.m.
  • Length: 13:19

All games in this series

Show
View Real Time Build Order
Export as new Build Order

Avokado Terran 

Build Orders: MMM Bio 

Get SALT Encoding   

  12  0:01  SCV  
  13  0:13  SCV  
  14  0:18  Supply Depot  
  14  0:25  SCV  
  15  0:39  SCV  
  15  0:42  Barracks  
  16  0:46  Refinery  
  16  0:51  SCV  
  17  1:04  SCV  
  18  1:16  SCV  
  19  1:29  Orbital Command  
  19  1:30  Barracks Reactor  
  19  1:44  Command Center  
  19  1:52  Supply Depot  
  19  1:56  SCV  
  20  2:06  Reaper x2  
  20  2:08  SCV  
  23  2:20  SCV  
  24  2:32  Command Center  
  24  2:34  SCV  
  25  2:38  Reaper  
  26  2:45  Reaper  
  26  2:46  SCV  
  28  2:51  Barracks  
  28  2:57  Orbital Command  
  28  3:02  SCV  
  29  3:10  Reaper  
  30  3:14  SCV  
  30  3:18  Barracks  
  31  3:23  SCV  
  32  3:29  Barracks  
  32  3:33  SCV  
  33  3:38  Barracks  
  33  3:40  Marine  
  34  3:41  Barracks Tech Lab  
  34  3:42  Marine  
  34  3:46  Orbital Command  
  34  3:48  SCV  
  36  3:49  SCV  
  37  3:58  Marine  
  37  3:59  Bunker  
  37  4:00  SCV  
  39  4:03  Stimpack  
  39  4:05  Marauder  
  39  4:07  SCV  
  42  4:12  SCV  
  42  4:14  Marine  
  44  4:17  Marine  
  44  4:19  Supply Depot, Marine  
  44  4:20  Marine  
  44  4:22  SCV  
  48  4:28  Marauder, Marine  
  51  4:31  SCV  
  51  4:32  Marine  
  51  4:35  Marine  
  51  4:36  SCV  
  55  4:39  Supply Depot  
  54  4:48  Marine  
  54  4:52  Marine x3  
  53  4:54  Marine x2  
  53  4:57  Supply Depot  
  53  4:58  Supply Depot  
  52  5:00  SCV  
  52  5:01  Supply Depot  
  52  5:04  SCV  
  52  5:06  Marine  
  52  5:07  SCV  
  56  5:10  Marine x3  
  56  5:11  Marine  
  56  5:12  SCV  
  56  5:14  Refinery  
  61  5:18  SCV, Engineering Bay  
  62  5:21  Marine  
  62  5:22  Engineering Bay  
  62  5:23  Marine  
  64  5:29  Marine  
  64  5:35  SCV  
  64  5:36  Marine  
  64  5:38  Marine x2  
  64  5:40  Marauder  
  64  5:41  Marine  
  69  5:47  Bunker, Marine  
  69  5:48  Bunker  
  69  5:49  Bunker  
  64  5:54  Marine  
  64  5:56  Marine x2  
  59  5:59  Marine  
  59  6:00  Marine  
  52  6:04  Marine  
  52  6:10  Supply Depot x2  
  47  6:11  Marine  
  47  6:12  SCV  
  47  6:13  SCV, Marine  
  47  6:14  Marine  
  47  6:17  Marine  
  47  6:18  Marine  
  47  6:20  SCV  
  47  6:22  Supply Depot, Marine  
  50  6:29  SCV, Marine  
  50  6:31  Terran Infantry Weapons Level 1, Marine x2  
  54  6:35  Marine  
  54  6:36  Terran Infantry Armor Level 1, Marine  
  54  6:37  Combat Shields  
  56  6:45  Marine  
  56  6:46  Factory  
  57  6:47  Marine  
  58  6:58  Marine x2  
  48  7:06  Marine  
  49  7:09  Supply Depot  
  49  7:10  Supply Depot, Marine x3  
  49  7:11  Supply Depot  
  49  7:14  SCV  
  53  7:20  SCV x2  
  55  7:25  Marine x2  
  55  7:27  Marine  
  58  7:30  Marine  
  58  7:34  Starport  
  58  7:35  Factory Reactor, Orbital Command  
  59  7:37  Marine  
  59  7:43  Marine, Marauder  
  63  7:45  SCV  
  63  7:46  SCV  
  63  7:50  Marine  
  66  7:51  Marine  
  66  7:57  SCV, Armory  
  66  7:58  SCV  
  69  7:59  Refinery  
  69  8:02  SCV, Refinery  
  69  8:04  Marauder  
  72  8:07  Barracks Tech Lab  
  72  8:08  Supply Depot  
  72  8:09  SCV, Barracks Reactor  
  72  8:11  Marine x2  
  74  8:16  Marine  
  75  8:22  SCV x3  
  75  8:25  Marine  
  75  8:26  Factory Reactor, Marine  
  80  8:29  Marine x2  
  82  8:34  SCV x2  
  82  8:35  Medivac  
  82  8:36  Supply Depot  
  82  8:37  Supply Depot  
  85  8:42  Bunker  
  85  8:48  Marauder x2, Marine  
  90  8:50  Marine  
  90  8:51  Bunker x2  
  90  8:52  Marine  
  90  8:53  Marine  
  93  8:56  SCV x2  
  93  8:58  SCV  
  96  9:04  Terran Infantry Weapons Level 2  
  96  9:06  Marine  
  96  9:07  Marine  
  96  9:08  SCV, Marine  
  96  9:09  Marine  
  101  9:11  Hellbat  
  101  9:12  Marine, Hellbat  
  106  9:19  Terran Infantry Armor Level 2  
  106  9:21  Marine x2  
  106  9:22  Supply Depot  
  106  9:23  SCV  
  109  9:24  Marine x2  
  109  9:27  Marine x2  
  109  9:30  Medivac, Marine  
  107  9:39  Marine  
  107  9:40  Widow Mine x2  
  109  9:46  Medivac  
  109  9:47  Marine x2  
  109  9:48  Marine x2  
  116  9:56  Refinery x2, Barracks, Marine  
  116  9:57  Barracks  
  116  9:58  Marine  
  118  10:02  Supply Depot  
  118  10:06  Barracks Tech Lab, Marauder x2  
  121  10:07  Marine x2  
  121  10:09  Widow Mine x2  
  127  10:15  SCV x2  
  128  10:22  Medivac  
  128  10:23  Marine x2  
  128  10:24  Marine  
  128  10:25  Marine  
  128  10:27  Supply Depot, Marauder x2  
  128  10:28  SCV x2  
  140  10:32  Medivac  
  144  10:43  Marauder  
  144  10:49  Marauder x2  
  143  10:51  Barracks Tech Lab x2  
  143  10:53  Marine x2  
  143  10:55  Medivac  
  143  10:56  Marine  
  133  10:59  Marine  
  133  11:01  Widow Mine  
  133  11:02  Medivac  
  133  11:03  Widow Mine  
  140  11:04  Marauder  
  140  11:10  Marauder  
  140  11:11  Marine x3, Marauder  
  144  11:14  Marine x2  
  143  11:19  Marine  
  143  11:25  Marauder, Medivac  
  143  11:29  Marauder, Widow Mine, Marine x2  
  143  11:30  SCV x2  
  143  11:32  Widow Mine  
  152  11:35  SCV  
  153  11:42  SCV x2  
  153  11:43  Marine x5  
  153  11:46  Marine  
  161  11:47  Marine x2  
  161  11:52  Marauder  
  157  12:01  Marine x4  
  158  12:02  Marauder  
  158  12:04  Marine x2  
  158  12:05  Marauder  
  133  12:13  Marauder  
  119  12:18  Marine  
  119  12:19  Marine x2  
  119  12:20  Marauder  
  119  12:22  Marauder, Marine  
  119  12:23  Marauder  
  119  12:26  Marauder  
  119  12:27  Widow Mine  
  117  12:34  Marauder  
  117  12:36  Marine  
  105  12:37  Marine x2  
  105  12:40  Marine x2  
  105  12:43  Marine  
  95  12:44  Marine  
  95  12:47  Marine  
  95  12:48  Medivac  
  95  12:54  Marine  
  84  13:00  Marine  
Show
View Real Time Build Order
Export as new Build Order

Lambo Zerg - Winner!

Build Orders: Hatch First 

Get SALT Encoding   

  12  0:01  Drone  
  13  0:09  Drone  
  14  0:18  Overlord  
  14  0:36  Drone x3  
  17  0:55  Hatchery  
  16  0:57  Drone  
  17  1:11  Spawning Pool  
  16  1:14  Drone  
  16  1:17  Drone  
  18  1:39  Hatchery  
  17  1:42  Drone  
  17  1:44  Drone  
  19  1:47  Drone  
  19  1:53  Extractor  
  19  1:58  Queen  
  21  2:08  Queen  
  23  2:11  Zergling x2  
  23  2:14  Drone  
  25  2:17  Drone  
  25  2:22  Overlord  
  26  2:26  Drone  
  27  2:30  Drone  
  28  2:42  Drone  
  28  2:43  Queen  
  31  2:44  Drone  
  31  2:47  Drone  
  33  2:56  Metabolic Boost  
  33  3:01  Queen  
  33  3:03  Drone  
  36  3:07  Drone x2  
  36  3:10  Drone  
  39  3:14  Overlord  
  39  3:24  Queen  
  39  3:25  Drone  
  42  3:33  Zergling x6  
  45  3:34  Drone x2  
  45  3:35  Drone x2  
  45  3:41  Overlord  
  49  3:45  Overlord  
  49  3:47  Overlord  
  49  3:49  Overlord  
  49  3:54  Drone  
  49  3:55  Overlord  
  50  3:59  Overlord  
  50  4:06  Drone x2, Extractor  
  51  4:13  Zergling x8  
  56  4:17  Zergling x4  
  56  4:18  Drone x2  
  56  4:19  Drone x2  
  56  4:23  Baneling Nest  
  60  4:27  Zergling x2  
  60  4:28  Zergling x6  
  64  4:33  Zergling x2  
  62  4:40  Zergling x14  
  66  4:49  Zergling x6  
  64  4:54  Zergling x4  
  64  4:55  Zergling x4  
  65  5:00  Zergling x2  
  65  5:04  Zergling x4  
  68  5:09  Zergling x12  
  68  5:13  Baneling x6  
  74  5:15  Zergling x2  
  74  5:19  Zergling x2  
  74  5:20  Baneling  
  76  5:26  Zergling x6  
  74  5:36  Zergling x14  
  74  5:38  Baneling  
  74  5:39  Baneling x3  
  74  5:40  Zergling x2  
  74  5:50  Zergling x8  
  71  5:58  Zergling x14  
  72  6:06  Zergling x10  
  72  6:11  Lair  
  72  6:16  Zergling x4  
  70  6:19  Zergling x2  
  68  6:26  Evolution Chamber  
  68  6:27  Evolution Chamber  
  68  6:28  Baneling x2  
  68  6:29  Baneling x5  
  68  6:31  Drone x4  
  70  6:34  Drone x6  
  70  6:37  Baneling  
  76  6:40  Overlord  
  76  6:45  Drone x2  
  71  7:00  Drone x4  
  62  7:09  Zerg Missile Weapons Level 1, Zergling x2  
  62  7:10  Roach Warren, Zergling x16  
  62  7:13  Extractor  
  62  7:15  Extractor  
  67  7:17  Drone x2  
  67  7:20  Extractor  
  67  7:21  Centrifical Hooks  
  67  7:22  Extractor  
  66  7:24  Drone x2  
  66  7:26  Baneling  
  66  7:28  Drone  
  69  7:33  Drone x5  
  69  7:35  Drone x2  
  76  7:38  Overlord  
  76  7:41  Drone x2  
  76  7:42  Drone  
  79  7:45  Drone  
  79  7:49  Baneling x3  
  80  7:51  Zerg Ground Armor Level 1  
  80  7:53  Roach  
  80  7:54  Drone x2  
  80  7:57  Roach  
  86  8:01  Drone x3  
  86  8:05  Roach  
  91  8:09  Drone  
  92  8:13  Hatchery  
  92  8:15  Roach x5  
  101  8:20  Roach x2  
  101  8:23  Roach  
  107  8:28  Overlord  
  107  8:29  Overlord, Pneumatized Carapace  
  107  8:32  Roach  
  107  8:33  Roach x2  
  112  8:40  Overlord  
  112  8:47  Overlord x2  
  112  8:48  Overseer  
  112  8:49  Roach x3  
  112  8:50  Roach x2  
  112  8:52  Ravager  
  112  8:53  Ravager x3  
  112  8:55  Ravager  
  127  8:56  Overlord  
  127  9:01  Roach x3  
  127  9:02  Zergling x2  
  134  9:03  Baneling  
  134  9:04  Baneling  
  134  9:07  Roach  
  134  9:09  Ravager  
  137  9:10  Overlord  
  137  9:13  Roach x2  
  137  9:16  Roach x2  
  145  9:20  Zergling x6  
  145  9:21  Ravager  
  145  9:22  Ravager  
  150  9:27  Zergling x8  
  150  9:28  Glial Reconstitution  
  153  9:36  Zergling x12  
  150  9:42  Ravager x2  
  150  9:44  Roach x3  
  158  9:52  Queen  
  159  10:04  Roach x3, Zergling x4  
  159  10:06  Overlord x2  
  167  10:07  Zerg Ground Armor Level 2  
  167  10:09  Overlord x2  
  167  10:11  Overlord  
  167  10:22  Overlord  
  167  10:25  Ravager x5  
  172  10:30  Zergling x38  
  172  10:34  Ravager x2  
  193  10:39  Roach  
  195  10:45  Roach x3  
  196  10:57  Roach x6  
  191  11:15  Roach  
  191  11:16  Roach x4  
  187  11:28  Ravager  
  187  11:29  Ravager x3  
  187  11:30  Queen  
  187  11:31  Spine Crawler  
  187  11:32  Spine Crawler  
  188  11:37  Roach x5  
  198  11:49  Roach x2  
  198  11:50  Ravager  
  198  11:52  Extractor  
  197  11:54  Baneling x3  
  197  11:55  Baneling x2  
  197  11:56  Extractor  
  171  12:11  Roach x5  
  165  12:26  Roach x3  
  165  12:27  Roach x7  
  182  12:36  Zergling x22  
  178  12:46  Zergling x6  
  178  12:47  Roach x2  
  175  12:52  Overseer  
  160  12:59  Roach x11  

Tags
 
Add a new tag
Caveats
  • Supply blocks, unpowered buildings, or Contaminate may cause inaccurate times.
  • Supply counts are checked every 10 seconds.